 Dungeon Sprint DCSS version 0.27.1-34-g3ba077fa99 (webtiles) character file.

Game seed: 14830533564153984028

1974 JuniperTheExplorer the Blocker (level 9, -1/74 HPs)
             Began as a Djinni Fighter on Jan 19, 2022.
             Killed from afar by a crystal guardian (75 damage)
             ... with a crystal bolt
             ... in the Dungeon (Sprint II: "The Violet Keep of Menkaure") on Jan 20, 2022.
             The game lasted 00:17:11 (2456 turns).

JuniperTheExplorer the Blocker (Djinni Fighter)     Turns: 2456, Time: 00:17:11

Health: -1/74      AC: 12    Str: 17    XL:     9   Next: 43%
Gold:   271        EV: 10    Int: 10    God:
                   SH: 17    Dex: 14

rFire    + + .     SeeInvis .   a - +0 trident
rCold    x . .     Faith    .   c - +0 kite shield
rNeg     . . .     Spirit   .   q - +4 scale mail
rPois    ∞         Reflect  +   (no helmet)
rElec    .         Harm     .   (no cloak)
rCorr    .         Rampage  .   (no gloves)
Will     .....     NoTele   +   (boots unavailable)
Stlth    ..........             i - amulet of reflection
HPRegen  0.22/turn              (no ring)
MPRegen  0.00/turn              (no ring)

@: flying
A: sickness immunity, fire resistance 2, cold vulnerability 1, float, innate
caster, hp casting, extra vitality 1
a: no special abilities


You were in the Dungeon.
You visited 1 branch You collected 653 gold pieces.
You spent 382 gold pieces at shops.

Inventory:

Hand Weapons
 a - a +0 trident (weapon)
Armour
 c - a +0 kite shield (worn)
 q - a +4 scale mail (worn)
Jewellery
 i - an amulet of reflection (around neck)
Scrolls
 e - 3 scrolls of blinking
 f - 2 scrolls of fear {unknown}
 j - 2 scrolls of amnesia {unknown}
 k - 2 scrolls of magic mapping {unknown}
 l - 2 scrolls of identify {unknown}
 s - a scroll of vulnerability {unknown}
Potions
 g - a potion of haste
 h - a potion of berserk rage
 m - a potion of might
 n - 3 potions of flight {unknown}
 o - 3 potions of magic {unknown}
 p - 2 potions of curing
 r - 3 potions of resistance {unknown}
 t - a potion of ambrosia {unknown}
Miscellaneous
 d - a condenser vane (quivered)


   Skills:
 + Level 10.2 Fighting
 + Level 9.6 Polearms
 + Level 9.5 Armour
 + Level 3.9 Dodging
 + Level 0.2 Stealth
 + Level 10.4 Shields
 + Level 0.8 Evocations


You couldn't memorise any spells.
You knew the following spells:

 Your Spells              Type           Power      Damage    Failure   Level
a - Sandblast             Erth           0%         2d4       88%         1
b - Wereblood             Tmut           0%         N/A       96%         2
c - Inner Flame           Hex/Fire       0%         N/A       99%         3
d - Stone Arrow           Conj/Erth      0%         3d7       99%         3
Your spell library was empty.

Dungeon Overview and Level Annotations

Branches:
Dungeon (1/1)

Altars:
Cheibriados
Dithmenos
Elyvilon
Fedhas
Gozag
Hepliaklqana
Kikubaaqudgha
Makhleb
Qazlal
Ru
Sif Muna
Trog
Uskayaw
Vehumet
Wu Jian
Xom
Yredelemnul
Zin
The Shining One
Beogh
Jiyva
Lugonu

Shops:
D ?(:*(=(?:==[![!

Annotations:
D exclusion: oklob plant, Roxanne


Innate Abilities, Weirdness & Mutations

You are immune to sickness and miasma.
You are immune to poison.
Your flesh is very heat resistant. (rF++)
You are vulnerable to cold. (rC-)
You float through the air rather than walking.
You learn spells naturally, not from books.
Your magical power is your life essence.
You have superior vitality. (+4 HP)


Message History

You see here a +0 dagger.
You see here a +0 spear.
r - 3 glowing inky potions You now have 269 gold pieces (gained 10).
You see here a +0 club.
You see here a +0 hunting sling.
s - a scroll labelled ULUIVV XUKOGO
f - 2 scrolls labelled ILECA XAPHY (gained 1)
You see here a +0 mace.
You now have 271 gold pieces (gained 2).
t - a cyan potion You see here 14 stones.
You see here a book of Cantrips.
You see here a book of Cantrips.
You drop a ring of fire.
You see here 21 arrows.
You see here 12 poisoned darts.
You see here a staff of conjuration.
You see here 12 poisoned darts.
You see here a +4 scale mail.
q - a +4 scale mail You start removing your armour.
You continue taking off your +0 scale mail. x4
You finish taking off your +0 scale mail.
You start putting on your armour.
You continue putting on your +4 scale mail. x5
You finish putting on your +4 scale mail.
You drop a +0 scale mail.
You see here a +0 mace.
You reach down and open the door.
There is an open door here.
You reach down and close the door.
Tentacles burst out of the water! 4 tentacles come into view.
You block the tentacle's attack. The tentacle closely misses you.
The water moccasin hisses angrily.
The crystal guardian fires a crystalline bolt at you.
The crystal bolt freezes you!!!!
You feel a terrible chill!
Ouch! That really hurt!
You die...

.##+##..#$.####.# 8#}○▓)..))(..▓▓
## ##.####..'.##.#:}▓[...[[..▓▓ #
#....#..#..8####▓).(..(.(▓▓ #
###..#####..##.#▓(([.((..▓▓ ###+#
##..#..'..#..#▓...)[|[.▓▓ .##.##
#..#[.#.^#..#▓...[.(..▓▓ .†.<.+
+..####..##.#▓.)..)...▓▓ .##.##
#....###...##▓▓▓▓▓▓▓+▓▓▓ ###+#
##......@≈≈≈≈≈≈≈≈≈≈≈≈..─X #
###≈≈.....≈#+########+###.≈ #
#≈≈≈§§≈≈§.≈#.._.....#S§§##≈ ##
##≈≈≈§≈§≈≈.≈#._._....#S≈§≈##
≈##+##≈≈≈≈§§≈§≈≈≈#_._._...#≈≈§§≈#
≈≈≈≈≈≈≈≈≈≈§≈≈§≈)≈#._._._..#≈§§≈≈§
+++#+++#§§≈§§≈≈≈≈#_._._._.#≈≈≈§ ≈


zzzzz ##§§≈###§≈#._._._._#§≈§§ .zzzzz..##≈≈#.#≈§#_._._. You could see a crystal
guardian.

Vanquished Creatures
  2 death drakes (D)
  A hornet (D)
  2 polar bears (D)
  Menkaure (D)
  A black bear (D)
  A swamp drake (D)
  4 necrophages (D)
  A spectral adder (D)
  A spectral bat (D)
14 creatures vanquished.

Vanquished Creatures (others)
  A yaktaur (D)
  A polar bear (D)
  A blink frog (D)
  3 yaks (D)
  A water moccasin (D)
  A swamp drake (D)
  2 black bears (D)
  12 tentacles (D)
22 creatures vanquished.

Grand Total: 36 creatures vanquished

Notes
Turn   | Place    | Note
-------+----------+-------------------------------------------
     0 | D        | JuniperTheExplorer the Djinni Fighter began the quest for
                  | the Orb.
     0 | D        | Reached XP level 1. HP: 20/20 MP: 0/0
     1 | D        | Noticed a necrophage
     1 | D        | Noticed a necrophage
     1 | D        | Noticed a necrophage
     1 | D        | Noticed a necrophage
     5 | D        | Killed a necrophage
     6 | D        | Reached skill level 5 in Fighting
     6 | D        | Reached skill level 5 in Armour
     6 | D        | Reached skill level 5 in Shields
     6 | D        | Reached XP level 2. HP: 21/28 MP: 0/0
     6 | D        | Reached XP level 3. HP: 25/33 MP: 0/0
     6 | D        | Learned a level 1 spell: Sandblast
     6 | D        | Reached XP level 4. HP: 30/39 MP: 0/0
    14 | D        | Killed a necrophage
    15 | D        | Reached XP level 5. HP: 39/46 MP: 0/0
    15 | D        | Learned a level 2 spell: Wereblood
    17 | D        | Killed a necrophage
    18 | D        | Reached skill level 1 in Dodging
    18 | D        | Reached XP level 6. HP: 46/53 MP: 0/0
    25 | D        | Killed a necrophage
    26 | D        | Reached skill level 5 in Polearms
    36 | D        | Found Beyseuwn's Jewellery Emporium.
    36 | D        | Found Ettytikhuss's Distillery.
    36 | D        | Found Joxomiko's Magic Scroll Shoppe.
    36 | D        | Found Laasosch's Distillery.
    36 | D        | Found Hiywn's Jewellery Shoppe.
    36 | D        | Found Vanycig's Antique Armour Shoppe.
    36 | D        | Found Wumux's Antique Armour Shoppe.
    37 | D        | Found Guch's Book Emporium.
    37 | D        | Found Fygg's Antique Weapon Shoppe.
    38 | D        | Found Ivoosa's Jewellery Emporium.
    41 | D        | Killed a water moccasin
    43 | D        | Noticed a flying skull
    43 | D        | Noticed a flying skull
    47 | D        | Noticed a flying skull
    47 | D        | Noticed a flying skull
    49 | D        | Noticed a flying skull
    49 | D        | Noticed a flying skull
    51 | D        | Noticed a flying skull
    52 | D        | Noticed a flying skull
    52 | D        | Noticed a flying skull
    52 | D        | Noticed a flying skull
    52 | D        | Noticed a flying skull
    53 | D        | Noticed a flying skull
    66 | D        | Found a glowing golden altar of the Shining One.
    68 | D        | Found a basalt altar of Yredelemnul.
    68 | D        | Found a shimmering altar of Xom.
    68 | D        | Found an ornate altar of the Wu Jian Council.
    68 | D        | Found a sacrificial altar of Ru.
    68 | D        | Found a viscous altar of Jiyva.
    69 | D        | Found a glowing silver altar of Zin.
    69 | D        | Found a bloodstained altar of Trog.
    70 | D        | Found a hide-covered altar of Uskayaw.
    70 | D        | Found a corrupted altar of Lugonu.
    70 | D        | Found a shadowy altar of Dithmenos.
    70 | D        | Found a hazy altar of Hepliaklqana.
    70 | D        | Found a snail-covered altar of Cheibriados.
    71 | D        | Found a burning altar of Makhleb.
    71 | D        | Found a white marble altar of Elyvilon.
    71 | D        | Found a stormy altar of Qazlal.
   106 | D        | Noticed Menkaure
   109 | D        | Noticed Roxanne
   115 | D        | Killed Menkaure
   116 | D        | Reached XP level 7. HP: 14/59 MP: 0/0
   116 | D        | Learned a level 3 spell: Inner Flame
   254 | D        | Noticed a water moccasin
   254 | D        | Noticed a water moccasin
   325 | D        | Noticed a blink frog
   403 | D        | Killed a blink frog
   571 | D        | Noticed a polar bear
   597 | D        | Killed a polar bear
   749 | D        | Found a blossoming altar of Fedhas.
   758 | D        | Noticed a deep elf master archer
   875 | D        | Noticed a yak
   875 | D        | Noticed a yak
   875 | D        | Noticed a yak
   882 | D        | Noticed a death drake
   882 | D        | Noticed a crystal guardian
   884 | D        | Noticed a death drake
   908 | D        | HP: 3/60 [death drake (9)]
   909 | D        | Killed a death drake
   910 | D        | Reached XP level 8. HP: 4/67 MP: 0/0
   910 | D        | Killed a death drake
   911 | D        | Reached skill level 10 in Shields
   911 | D        | Reached XP level 9. HP: 4/74 MP: 0/0
   911 | D        | Learned a level 3 spell: Stone Arrow
   919 | D        | Reached skill level 10 in Fighting
  1444 | D        | Found an opulent altar of Gozag.
  1445 | D        | Noticed a yaktaur
  1445 | D        | Noticed a hornet
  1445 | D        | Noticed a polar bear
  1446 | D        | Noticed a polar bear
  1465 | D        | Killed a hornet
  1483 | D        | Killed a yaktaur
  1487 | D        | Killed a polar bear
  1717 | D        | Killed a polar bear
  1926 | D        | Found Iveeg's Antique Weapon Emporium.
  1926 | D        | Found Dourgh's General Store.
  1926 | D        | Noticed an oklob plant
  1927 | D        | Found Xehy's Weapon Shoppe.
  1927 | D        | Found Wuakuug's Book Shoppe.
  1927 | D        | Found Zidont's Magic Scroll Emporium.
  1935 | D        | Noticed a fire dragon
  1967 | D        | Bought a scroll of blinking for 82 gold pieces
  1996 | D        | Bought an amulet of reflection for 300 gold pieces
  2060 | D        | Noticed a kraken
  2321 | D        | Found the +3 robe of Clouds {+Thunder rCloud rElec}
  2456 | D        | Killed from afar by a crystal guardian

Illustrated notes

Levels and vault maps discovered:
D:        the_violet_keep_of_menkaure [sprint2_stairs_cluster_1,
          sprint2_shoproom, sprint2_temple, sprint2_basic_supplies,
          sprint2_obstacle_1, sprint2_obstacle_7, sprint2_obstacle_6,
          sprint2_obstacle_2, sprint2_obstacle_5, sprint2_timed_cluster_1,
          sprint2_smallroom_cluster_1, sprint2_smallroom_final_cluster_1,
          sprint2_transparent_cluster_1, sprint2_second_timed_cluster_1,
          sprint2_sniper_area_1, sprint2_heavy_combat_area_1,
          sprint2_mutation_trap_area_1, sprint2_forest_area_1,
          sprint2_light_combat_area_1, sprint2_behind_water_1,
          sprint2_near_end_vault_1]

Skill      XL: |  1  2  3  4  5  6  7  8  9 |
---------------+----------------------------+-----
Fighting       | 5 6 7 8 9 10 | 10.2
Polearms       | 3 4 6 8 9 |  9.6
Armour         | 5 6 7 8 9 |  9.5
Shields        | 5 6 7 9 10 | 10.4
Dodging        | 1 3 |  3.9
Stealth        | |  0.2
Evocations     | |  0.8

Action                   |  1- 3 |  4- 6 |  7- 9 || total
-------------------------+-------+-------+-------++-------
Melee: Trident           |     3 |    24 |    67 ||    94
Evoke: Condenser vane    |       |       |     1 ||     1
  Use: Potion            |     1 |     1 |     1 ||     3
       Scroll            |       |       |     1 ||     1
Armor: Scale mail        |       |     6 |    33 ||    39
Dodge: Dodged            |     1 |     4 |    30 ||    35
Block: Kite shield       |       |    11 |    59 ||    70
